 Dungeon Crawl Stone Soup version 0.29-a0-330-g52719c12eb (webtiles) character file.

Game seed: 1903595464404096839

1126 Leszczynek the Skirmisher (level 8, -2/96 HPs)
             Began as a Human Gladiator on Apr 20, 2022.
             Was an Initiate of Sif Muna.
             Killed from afar by an orc wizard (4 damage)
             ... with a puff of flame
             ... on level 7 of the Dungeon.
             The game lasted 00:18:25 (2521 turns).

Leszczynek the Skirmisher (Human Gladiator)         Turns: 2521, Time: 00:18:26

Health: -2/96      AC: 24    Str: 16    XL:     8   Next: 61%
Magic:  8/8        EV:  2    Int: 10    God:    Sif Muna [......]
Gold:   33         SH:  0    Dex: 14    Spells: 7/7 levels left

rFire   . . .      SeeInvis .   b - +0 lajatang
rCold   . . .      Faith    .   (shield currently unavailable)
rNeg    . . .      Spirit   .   (body armour currently unavailable)
rPois   +          Reflect  .   (helmet currently unavailable)
rElec   .          Harm     .   (cloak currently unavailable)
rCorr   .          Rampage  .   (gloves currently unavailable)
Will    .....      NoTele   +   (boots currently unavailable)
Stlth   +.........              (no amulet)
HPRegen 0.26/turn               (no ring)
MPRegen 0.11/turn               (no ring)

@: tree-form, attractive
A: stationary, stasis, torment immunity, boosted hp
a: Renounce Religion


You were on level 7 of the Dungeon.
You worshipped Sif Muna.
Sif Muna was noncommittal.
You were a tree.
You visited 2 branches of the dungeon, and saw 8 of its levels.

You collected 261 gold pieces.
You spent 228 gold pieces at shops.

Inventory:

Hand Weapons
 a - a +0 quarterstaff
 b - a +0 lajatang (weapon)
Armour
 c - a +0 helmet (melded)
 g - an orb of guile
 h - a +0 robe
 j - a +0 pair of gloves (melded)
 r - a +0 ring mail (melded)
 u - a +0 buckler
Magical Staves
 i - a staff of poison
Scrolls
 e - a scroll of enchant armour {unknown}
 f - a scroll of teleportation
 k - a scroll of magic mapping {unknown}
 o - 2 scrolls of torment {unknown}
 v - a scroll of blinking
 w - a scroll of summoning


   Skills:
 + Level 5.7 Fighting
 + Level 3.2 Staves
 - Level 2.0 Throwing
 - Level 4.4 Dodging
 * Level 5.5 Ice Magic
 - Level 4.0 Evocations


You had 7 spell levels left.
You didn't know any spells.
Your spell library contained the following spells:

 Spells                   Type           Power      Damage    Failure   Level
 Borgnjor's Revivificati  Necr           0%         N/A       100%        8
 Necromutation            Tmut/Necr      0%         N/A       100%        8
 Death's Door             Necr           0%         N/A       100%        9


Dungeon Overview and Level Annotations

Branches:
Dungeon (7/15)             Temple (1/1) D:5

Altars:
Nemelex Xobeh
Sif Muna
Trog
The Shining One

Shops:
D:6 ?

Annotations:
D:6 Eustachio, Sigmund


Message History

You hit the necrophage but do no damage.
The necrophage hits you but does no damage.
You slash the necrophage!
The necrophage is moderately damaged.
The necrophage hits you but does no damage.
You hit the necrophage.
The necrophage is heavily damaged.
The necrophage hits you but does no damage.
You closely miss the necrophage.
The necrophage is heavily damaged.
The necrophage hits you but does no damage. x2
The orc priest is attracted toward you.
You completely miss the necrophage.
The necrophage is heavily damaged.
The necrophage hits you but does no damage.
You slash the necrophage!
You destroy the necrophage!
Sif Muna accepts your kill. The orc priest is attracted toward you.
You slash the orc priest!
The orc priest is almost dead.
You hear a shout!
The orc priest mumbles some strange prayers to Beogh against you.
Beogh smites you!
* * * LOW HITPOINT WARNING * * *
An orc wizard comes into view. It is wielding a +0 flail.
You hear a shout!
You hit the orc priest.
The orc priest is almost dead.
The orc priest hits you but does no damage.
The orc priest calls down the wrath of Beogh upon you.
Beogh smites you!
* * * LOW HITPOINT WARNING * * *
You hit the orc priest.
You kill the orc priest!
Sif Muna accepts your kill.
You miss the orc wizard. The orc wizard casts a spell at you.
The puff of flame hits you.
You die...

.# ... . ###............ #.
#.#.............. .. .#..
........... .#
..###..........####
..###.#..........###.#. .
###.#...#..........#.....
..#...#...♣.###......#....#
.#.....###o#........#....#
..###.#...#........#....#
###.#..†#n....#......#....# ####
#...#.....#...#......#....#
#....#.........'...#......###'##
#..............#...#...........#
#.....#...o....#...#...........#
#.....#........#...#...........#


You could see an orc wizard.

Vanquished Creatures
  Menkaure (D:5)
  2 ice beasts
  3 sky beasts
  A bullfrog (D:6)
  2 necrophages
  A scorpion (D:5)
  A hound (D:7)
  An orc priest (D:7)
  2 jellies (D:6)
  An iguana (D:6)
  3 orc wizards
  3 adders
  A shadow imp (D:6)
  A white imp (D:7)
  A dart slug (D:4)
  8 orcs
  An endoplasm (D:3)
  A giant cockroach (D:2)
  A goblin (D:4)
  4 hobgoblins
  2 quokkas
  3 ball pythons
  6 bats
  3 frilled lizards
  2 kobolds (D:3)
  2 rats (D:3)
57 creatures vanquished.

Notes
Turn   | Place    | Note
-------+----------+-------------------------------------------
     0 | D:1      | Leszczynek the Human Gladiator began the quest for the Orb.
     0 | D:1      | Reached XP level 1. HP: 16/16 MP: 1/1
   108 | D:3      | >necronomicon
   132 | D:2      | Reached XP level 2. HP: 15/23 MP: 2/2
   247 | D:4      | Noticed a black bear
   289 | D:3      | HP: 4/23 [ball python (2)]
   312 | D:3      | Reached XP level 3. HP: 13/28 MP: 3/3
   327 | D:3      | Reached skill level 3 in Fighting
   710 | D:4      | Reached XP level 4. HP: 21/35 MP: 4/4
   835 | D:4      | Reached skill level 1 in Evocations
   844 | D:5      | Entered Level 5 of the Dungeon
   845 | D:5      | Noticed Menkaure
   851 | D:5      | Killed Menkaure
   852 | D:5      | Reached skill level 4 in Fighting
   852 | D:5      | Reached skill level 4 in Dodging
   852 | D:5      | Reached XP level 5. HP: 43/43 MP: 5/5
   852 | D:5      | Reached XP level 6. HP: 49/49 MP: 6/6
   873 | D:5      | Reached skill level 2 in Evocations
   976 | D:5      | Found a staircase to the Ecumenical Temple.
   981 | Temple   | Entered the Ecumenical Temple
  1021 | Temple   | Became a worshipper of Sif Muna the Loreminder
  1165 | D:5      | Reached skill level 5 in Fighting
  1222 | D:5      | Noticed an ice beast
  1229 | D:5      | Killed an ice beast
  1230 | D:5      | Reached skill level 1 in Ice Magic
  1230 | D:5      | Reached XP level 7. HP: 56/56 MP: 7/7
  1311 | D:6      | Reached skill level 2 in Ice Magic
  1311 | D:6      | Reached skill level 3 in Evocations
  1483 | D:6      | Reached skill level 3 in Ice Magic
  1642 | D:6      | Found Xistuegy's Magic Scroll Boutique.
  1658 | D:6      | Bought a scroll of blinking for 90 gold pieces
  1658 | D:6      | Bought a scroll of summoning for 114 gold pieces
  1658 | D:6      | Bought a scroll of identify for 24 gold pieces
  1705 | D:6      | HP: 15/84 [bullfrog (3)]
  1708 | D:6      | HP: 6/84 [bullfrog (7)]
  1981 | D:7      | Reached skill level 4 in Ice Magic
  1981 | D:7      | Reached XP level 8. HP: 47/62 MP: 8/8
  2004 | D:7      | Reached skill level 4 in Evocations
  2180 | D:6      | Reached skill level 5 in Ice Magic
  2207 | D:6      | HP: 11/63 [poisoned by an orc wizard]
  2212 | D:6      | HP: 5/63 [poisoned by an orc wizard]
  2215 | D:6      | HP: 2/63 [poisoned by an orc wizard]
  2218 | D:6      | ex dee
  2381 | D:6      | Noticed Sigmund
  2381 | D:6      | Noticed Eustachio
  2518 | D:7      | HP: 11/96 [orc priest/divine providence (11)]
  2519 | D:7      | HP: 1/96 [orc priest/divine providence (10)]
  2521 | D:7      | Killed from afar by an orc wizard

Illustrated notes ### ..# #.. ...# #.# #.... .g# ..... #.#....# .#.#####.#.[#.# .......<......#. ...#<.##@....... .... #.#(..... .#.. ..# .#### ..# #### # . Turn 108 on D:3: >necronomicon

..#.##..........####... .....###.
................####..####....# #
..#.###.........##......###..#
....# ######....##...........####
..### #...................). ..#
#...######.......#.##. ..# #...#
#.........#..
..##########...######.......##...
####............@.....##.......##
. ..#####..#####.###.#####.#≈.##
.♣##.# #..#####.###.#####.#≈...
.∩.♣.# #..[<.............≈≈≈..≈
.♣!..# #..#####.###.##.≈≈..#.≈≈
.##..#####>.#####.# #.####≈≈##)..
....[)............. ... ##≈≈≈##.
###.##############. #.. ###≈≈≈.
#.# . #####


Turn 2218 on D:6: ex dee

Levels and vault maps discovered:
D:1:      eino_arrival_water_cross, layout_basic,
          hellmonk_ecumenical_altar_pennies_from_heaven, kennysheep_boxes
D:2:      layout_loops_ring, kennysheep_donut, serial_bayou_pond_d,
          minmay_tromino_v4_b
D:3:      layout_loops_cross, uniq_ijyb
D:4:      layout_gridville, grunt_temple_overflow_open,
          minmay_misc_feat_pillars, dreamdust_princess_bridge,
          kennysheep_cluttered_room
D:5:      layout_loops_cross, minmay_temple_entry_statues_pillars, uniq_menkaure
D:6:      minmay_flawed_box, layout_loops_cross, serial_shops,
          nicolae_shop_trees, chequers_serial_rivers_small_b, uniq_sigmund,
          uniq_eustachio
D:7:      layout_gridville, hangedman_decor_points, minmay_chambers_of_fives
Temple:   dpeg_five_rooms_temple

Skill      XL: |  1  2  3  4  5  6  7  8 |
---------------+-------------------------+-----
Fighting       | 3 4 5 |  5.7
Evocations     | 1 2 3 4 |  4.0
Dodging        | 4 |  4.4
Ice Magic      | 1 4 5 |  5.5
Staves         | |  3.2
Throwing       | |  2.0

Action                   |  1- 3 |  4- 6 |  7- 9 || total
-------------------------+-------+-------+-------++-------
Melee: Quarterstaff      |    85 |    31 |    42 ||   158
       Lajatang          |       |    16 |    65 ||    81
Throw: Throwing net      |     6 |     1 |     1 ||     8
       Javelin           |       |     1 |     2 ||     3
       Dart              |       |       |    16 ||    16
Evoke: Wand              |       |    13 |     5 ||    18
  Use: Potion            |     1 |       |     4 ||     5
       Scroll            |       |       |     2 ||     2
 Stab: Held in net/web   |       |     1 |     1 ||     2
Armor: Leather armour    |    25 |    14 |       ||    39
       Ring mail         |       |     3 |    89 ||    92
       Skin              |       |       |     8 ||     8
Dodge: Dodged            |    69 |    25 |    93 ||   187

Table legend: (Time is in decaauts)
 A = Elapsed time spent in this place.
 B = Non-inter-level travel time spent in this place.
 C = Inter-level travel time spent in this place.
 D = Time resting spent in this place.
 E = Time spent auto-exploring this place.
 F = Levels seen in this place.
 G = Mean time per level.
                   A        B        C        D        E       F      G
               +--------+--------+--------+--------+--------+-----+--------+
         Total |   2679 |   2579 |    100 |      4 |      0 |   8 |  334.9 |
       Dungeon |   2603 |   2537 |     66 |      4 |      0 |   7 |  371.9 |
        Temple |     75 |     41 |     34 |      0 |      0 |   1 |   75.0 |
               +--------+--------+--------+--------+--------+-----+--------+

Top non-repeatable levels by time:
     D:6: 1077 daAuts
     D:5: 408 daAuts
     D:4: 393 daAuts
     D:3: 310 daAuts
     D:7: 256 daAuts
     D:2: 95 daAuts
  Temple: 75 daAuts
     D:1: 63 daAuts
